 Dungeon Crawl Stone Soup version 0.18.1-50-g88ac8fd (webtiles) character file.

277 Peloso the Skirmisher (level 6, -8/53 HPs)
             Began as a Ghoul Fighter on Oct 18, 2016.
             Mangled by Menkaure (20 damage)
             ... on level 4 of the Dungeon.
             The game lasted 00:10:28 (3890 turns).

Peloso the Skirmisher (Ghoul Fighter)               Turns: 3890, Time: 00:10:28

Health: -8/53      AC:  6    Str: 20    XL:     6   Next: 26%
Magic:  5/5        EV:  5    Int:  3    God:
Gold:   228        SH:  9    Dex: 10    Spells: 0 memorised, 5 levels left

rFire  . . .     SeeInvis .     p - -2 whip (curse)
rCold  + + .     Gourm    .     b - +0 scale mail
rNeg   + + +     Faith    .     c - +0 shield
rPois  ∞         Spirit   .     (no helmet)
rElec  .         Dismiss  .     (no cloak)
rCorr  .         Reflect  .     (no gloves)
SustAt .         Harm     .     (no boots)
MR     .....                    (no amulet)
Stlth  ..........               (no ring)
                                o - ring of protection from cold

@: rotting, constricted, not resistant to hostile enchantments, extremely
unstealthy
A: rotting body, claws 1, carnivore 3, cold resistance 1, negative energy
resistance 3, slow regeneration 1, torment resistance, unbreathing
a: no special abilities


You were on level 4 of the Dungeon.
You were not hungry.

You visited 1 branch of the dungeon, and saw 4 of its levels.

You collected 228 gold pieces.

Inventory:

Hand Weapons
 a - a +0 long sword
 p - a cursed -2 whip (weapon)
Armour
 b - a +0 scale mail (worn)
 c - a +0 shield (worn)
Jewellery
 o - a ring of protection from cold (left claw)
Scrolls
 l - a scroll of identify
 n - a scroll of teleportation
Potions
 d - a potion of heal wounds {unknown}
 e - a potion of degeneration
 g - a potion of resistance
 j - 3 potions of flight
 m - 3 potions of lignification
Books
 i - a book of Spatial Translocations

   Spells                             Type                      Level
   a - Apportation                    Translocation                1
   b - Blink                          Translocation                2
   c - Shroud of Golubria             Charms/Translocation         2
   d - Portal Projectile              Translocation                3
   e - Teleport Other                 Translocation                3
   f - Passage of Golubria            Translocation                4
Comestibles
 f - 3 meat rations
 h - a slice of pizza
 k - 2 chunks of flesh


   Skills:
 + Level 4.5 Fighting
 + Level 1.8 Long Blades
 + Level 1.6 Maces & Flails
 + Level 3.6 Armour
 + Level 2.1 Dodging
 + Level 3.8 Shields


You had 5 spell levels left.
You didn't know any spells.

Dungeon Overview and Level Annotations

Branches:
Dungeon (4/15)
 Temple: D:4-7

Altars:
Ashenzari
Nemelex Xobeh
Pakellas

Shops:
D:4 %

Annotations:
D:4 Menkaure


Innate Abilities, Weirdness & Mutations

Your body is rotting away.
You thrive on raw meat.
You are immune to poison.
You have sharp fingernails.
You are carnivorous and can eat meat at any time.
Your flesh is cold resistant.
You are immune to negative energy.
You regenerate slowly when monsters are visible.
You are immune to unholy pain and torment.
You can survive without breathing.


Message History

* * * LOW HITPOINT WARNING * * *
You hit Menkaure.
Menkaure is moderately damaged.
The crimson imp shouts, "Despond, thou decrepit unchin-snouted nothing!"
The crimson imp blinks!
The ball python bites you but does no damage.
You block the ball python's attack. Menkaure closely misses you.
Unknown command.
You barely miss Menkaure.
Menkaure is moderately damaged.
You block the ball python's attack. The ball python grabs you.
The ball python constricts you. You block Menkaure's attack.
The crimson imp blinks!
Unknown command.
You hit Menkaure but do no damage.
Menkaure is moderately damaged.
The ball python barely misses you.
* * * LOW HITPOINT WARNING * * *
The ball python constricts you. Menkaure hits you!!
You die...

#.#!##.#>.....#.........
..............#........#
.§......∩.###...........
......................##
............#........§..
........................
............#.######..##
.......MS..<#.# ##..#
.......@......# ##..
.............## #.
..##.......#.# . #
...)###..#.# . ......
..# # .#.... ..# #....
#.. #... ...


You could see Menkaure and a ball python.

Vanquished Creatures
  A scorpion (D:4)
  Dowan (D:4)
  A hound (D:3)
  A worker ant (D:3)
  A hound skeleton (D:4)
  7 adders
  3 worms
  2 dart slugs (D:2)
  A ball python (D:2)
  A giant cockroach (D:3)
  2 goblins
  4 hobgoblins
  2 jackals (D:3)
  3 quokkas
  5 bats
  5 giant newts
  7 kobolds
  6 rats
53 creatures vanquished.

Vanquished Creatures (others)
  A lightning spire (D:3)
  2 bushes (D:3)
3 creatures vanquished.

Grand Total: 56 creatures vanquished

Notes
Turn   | Place    | Note
--------------------------------------------------------------
     0 | D:1      | Peloso the Ghoul Fighter began the quest for the Orb.
     0 | D:1      | Reached XP level 1. HP: 19/19 MP: 0/0
   342 | D:1      | Found a sparkling altar of Nemelex Xobeh.
   734 | D:2      | Reached XP level 2. HP: 17/22 MP: 1/1
   809 | D:2      | Found a shattered altar of Ashenzari.
  1201 | D:2      | Reached XP level 3. HP: 3/30 MP: 2/2
  1434 | D:2      | Reached skill level 1 in Dodging
  1723 | D:2      | HP: 1/31 [adder (2)]
  1760 | D:2      | HP: 1/31 [adder (1)]
  1779 | D:2      | HP: 1/31 [adder (1)]
  2211 | D:2      | Reached XP level 4. HP: 29/38 MP: 3/3
  2347 | D:2      | Reached skill level 4 in Fighting
  2623 | D:3      | Found an oddly glowing altar of Pakellas.
  2624 | D:3      | Noticed an ice dragon
  3105 | D:3      | Reached XP level 5. HP: 14/45 MP: 4/4
  3238 | D:4      | Reached skill level 1 in Maces & Flails
  3248 | D:4      | Noticed Dowan
  3261 | D:4      | Killed Dowan
  3261 | D:4      | Reached XP level 6. HP: 17/50 MP: 5/5
  3875 | D:4      | Found Xem Coic's Food Emporium.
  3878 | D:4      | Noticed Menkaure
  3890 | D:4      | Mangled by Menkaure

Skill      XL: |  1  2  3  4  5 |
---------------+----------------+-----
Shields        | 3 |  3.8
Dodging        | 1 2 |  2.1
Armour         | 3 |  3.6
Fighting       | 4 |  4.5
Maces & Flails | 1 |  1.6
Long Blades    | |  1.8

Action                   |  1- 3 |  4- 6 || total
-------------------------+-------+-------++-------
Melee: Long sword        |    31 |       ||    31
       Whip              |   248 |   314 ||   562
  Use: Scroll            |     7 |     2 ||     9
       Potion            |     4 |     1 ||     5
  Eat: Chunk             |     6 |    10 ||    16
Armor: Scale mail        |   161 |   117 ||   278
Dodge: Dodged            |    94 |    86 ||   180
Block: Shield            |   154 |   123 ||   277
